Map: Ruins of Seras

Players

DemiLove (Demi)

  • Race: Zerg Zerg

Seither - Winner!

  • Race: Terran Terran

VOD

Have the link to the VOD?

Description

Time

  • Played on: Dec. 7, 2015, 7:51 a.m.
  • Length: 6:32
Show
View Real Time Build Order
Export as new Build Order

DemiLove Zerg 

Build Orders: Hatch First 

Get SALT Encoding   

  12  0:01  Drone  
  13  0:13  Overlord  
  13  0:18  Drone  
  14  0:31  Drone x2  
  16  0:37  Drone  
  17  0:53  Hatchery  
  17  0:56  Drone  
  17  1:00  Drone  
  18  1:04  Extractor  
  18  1:08  Drone  
  18  1:19  Spawning Pool  
  18  1:22  Drone  
  18  1:29  Drone  
  19  1:41  Overlord  
  19  1:51  Drone  
  20  2:05  Queen  
  20  2:06  Queen  
  20  2:07  Zergling x4  
  26  2:10  Metabolic Boost  
  26  2:15  Drone  
  27  2:17  Drone  
  27  2:22  Drone  
  29  2:27  Drone  
  30  2:33  Overlord  
  30  2:39  Drone  
  30  2:41  Queen  
  33  2:46  Drone  
  33  2:48  Drone  
  35  3:04  Hatchery, Drone x2  
  36  3:08  Drone  
  36  3:10  Drone  
  38  3:16  Drone x2  
  38  3:17  Overlord  
  40  3:25  Drone x4  
  44  3:38  Drone x3  
  45  3:44  Roach Warren  
  44  3:50  Spore Crawler  
  44  3:51  Drone x2  
  44  3:54  Drone  
  44  3:55  Drone, Extractor x2  
  45  3:57  Overlord  
  45  4:00  Overlord x2  
  45  4:07  Spore Crawler  
  45  4:08  Zergling x2  
  45  4:16  Zergling x6  
  49  4:24  Zergling x4  
  49  4:28  Roach x5  
  49  4:30  Roach  
  62  4:39  Roach x2  
  62  4:42  Overlord  
  66  4:50  Zergling x6  
  69  4:57  Zergling x2  
  69  4:58  Zergling x10  
  74  5:12  Zergling x2  
  74  5:13  Zergling x8  
  79  5:17  Zergling x6  
  79  5:18  Zergling x2  
  83  5:23  Overlord  
  83  5:25  Ravager x6  
  89  5:29  Overlord  
  89  5:31  Overlord  
  89  5:38  Overlord  
  89  5:40  Overlord  
  88  5:44  Ravager  
  88  5:47  Ravager  
  90  5:50  Zergling x4  
  90  5:51  Zergling x10  
  94  6:02  Zergling x2  
  94  6:03  Zergling x10  
  75  6:14  Zergling x4  
  75  6:15  Zergling x2  
Show
View Real Time Build Order
Export as new Build Order

Seither Terran - Winner!

Build Orders: Reaper Expand 

Get SALT Encoding   

  12  0:00  SCV  
  13  0:13  SCV  
  14  0:17  Supply Depot  
  14  0:25  SCV  
  15  0:39  SCV  
  15  0:41  Barracks  
  16  0:47  Refinery  
  16  0:51  SCV  
  17  1:03  SCV  
  18  1:15  SCV  
  19  1:29  Orbital Command  
  19  1:30  Reaper  
  20  1:43  Command Center  
  20  1:52  Supply Depot  
  20  1:55  SCV  
  21  2:02  Marine  
  21  2:07  SCV  
  23  2:12  Factory  
  23  2:16  Refinery  
  23  2:21  SCV  
  24  2:26  Barracks Reactor  
  24  2:33  SCV  
  25  2:45  SCV  
  26  2:55  Widow Mine  
  26  2:56  Starport  
  26  2:57  SCV, Orbital Command  
  29  3:03  Marine x2  
  31  3:09  SCV  
  32  3:16  Supply Depot  
  32  3:21  Marine x2  
  32  3:25  Factory Tech Lab  
  32  3:26  SCV  
  35  3:28  SCV  
  36  3:39  Marine x2  
  37  3:42  SCV x2  
  37  3:47  Siege Tank  
  37  3:48  Medivac  
  44  3:50  Bunker  
  44  3:54  SCV  
  44  3:55  SCV  
  46  3:57  Marine  
  47  4:06  SCV  
  47  4:07  SCV  
  47  4:09  Supply Depot  
  49  4:18  SCV  
  49  4:19  SCV  
  51  4:24  Siege Tank  
  51  4:30  SCV, Viking, Marine x2  
  60  4:31  SCV  
  60  4:35  Supply Depot  
  60  4:43  SCV x2  
  62  4:52  Command Center  
  61  4:55  SCV  
  61  4:57  SCV  
  61  4:59  Supply Depot, Bunker  
  63  5:02  Marine x2  
  63  5:03  Liberator  
  65  5:07  SCV  
  65  5:09  SCV, Siege Tank  
  70  5:19  Refinery  
  70  5:20  Marine x2  
  70  5:21  Supply Depot x2  
  75  5:26  SCV x2  
  77  5:32  Bunker  
  77  5:36  Supply Depot  
  77  5:38  Marine  
  77  5:42  Marine  
  79  5:46  Siege Tank  
  82  5:50  Barracks  
  82  5:51  Barracks  
  82  5:56  Supply Depot, Marine  
  83  6:00  Marine  
  80  6:05  Bunker  
  83  6:14  Marine  
  83  6:15  SCV  
  83  6:16  SCV  
  88  6:26  Supply Depot  
Tags
 
Add a new tag
Caveats
  • Supply blocks, unpowered buildings, or Contaminate may cause inaccurate times.
  • Supply counts are checked every 10 seconds.